 Dungeon Crawl Stone Soup version 0.30-a0-371-gad7725a93e (webtiles) character file.

Game seed: 17875829643709570619

247 arthad the Shield-Bearer (level 6, -2/53 HPs)
             Began as a Gnoll Fighter on Nov 20, 2022.
             Slain by an ogre
             ... wielding a +0 giant spiked club
              (17 damage)
             ... on level 4 of the Dungeon.
             The game lasted 00:07:02 (2033 turns).

arthad the Shield-Bearer (Gnoll Fighter)            Turns: 2033, Time: 00:07:03

Health: -2/53      AC: 10    Str: 14    XL:     6   Next: 11%
Magic:  8/8        EV:  9    Int:  9    God:
Gold:   180        SH:  6    Dex: 15    Spells: 8/8 levels left

rFire   . . .      SeeInvis .    a - +1 war axe (venom)
rCold   . . .      Faith    .    u - +0 buckler
rNeg    . . .      Spirit   .    b - +0 scale mail
rPois   .          Reflect  .    (helmet restricted)
rElec   .          Harm     .    (no cloak)
rCorr   .          Rampage  .    (no gloves)
Will    .....                    l - +1 pair of boots
Stlth   +.........               x - amulet of magic regeneration
HPRegen 0.28/turn                (no ring)
MPRegen 0.51/turn                (no ring)

@: no status effects
A: fangs 2, strong nose, distributed training, antennae 1, agile 1
a: no special abilities


You were on level 4 of the Dungeon.
You visited 1 branch of the dungeon, and saw 4 of its levels.

You collected 180 gold pieces.

Inventory:

Hand Weapons
 a - a +1 war axe of venom (weapon)
 d - a +4 trident of protection
 e - a +1 dagger of holy wrath
 k - a +2 vorpal sling
 o - a +1 dagger of freezing
Missiles
 j - 5 boomerangs (quivered)
Armour
 b - a +0 scale mail (worn)
 c - a +0 buckler
 l - a +1 pair of boots (worn)
 n - a +0 helmet
 u - a +0 buckler (worn)
 C - a +0 leather armour of cold resistance
Magical Staves
 v - a staff of cold
Jewellery
 x - an amulet of magic regeneration (around neck)
Wands
 B - a wand of roots (4)
Scrolls
 f - 6 scrolls of identify {unknown}
 h - a scroll of enchant weapon
 y - 2 scrolls of noise
Potions
 g - 2 potions of mutation
 i - a potion of degeneration {unknown}
 m - a potion of resistance {unknown}
 p - 2 potions of brilliance {unknown}
 s - a potion of cancellation {unknown}
 t - a potion of flight {unknown}
 w - a potion of attraction {unknown}
 z - 2 potions of curing {unknown}
 A - a potion of invisibility {unknown}


   Skills:
 + Level 6.8 Fighting
 + Level 1.9 Short Blades
 + Level 1.9 Long Blades
 + Level 4.9 Axes
 + Level 1.9 Maces & Flails
 + Level 1.9 Polearms
 + Level 1.9 Staves
 + Level 1.9 Ranged Weapons
 + Level 1.9 Throwing
 + Level 6.8 Armour
 + Level 1.9 Dodging
 + Level 1.9 Stealth
 + Level 6.8 Shields
 + Level 1.9 Unarmed Combat
 + Level 1.9 Spellcasting
 + Level 1.5 Conjurations
 + Level 1.5 Hexes
 + Level 1.5 Summonings
 + Level 1.5 Necromancy
 + Level 1.5 Translocations
 + Level 1.5 Transmutations
 + Level 1.5 Fire Magic
 + Level 1.5 Ice Magic
 + Level 1.5 Air Magic
 + Level 1.5 Earth Magic
 + Level 1.5 Poison Magic
 + Level 2.1 Invocations
 + Level 1.9 Evocations


You had 8 spell levels left.
You didn't know any spells.
Your spell library contained the following spells:

 Spells                   Type           Power      Damage    Failure   Level
 Gell's Gravitas          Tloc           3%         N/A       94%         3
 Lesser Beckoning         Tloc           6%         N/A       94%         3
 Teleport Other           Tloc           3%         N/A       94%         3


Dungeon Overview and Level Annotations

Branches:
Dungeon (4/15)
 Temple: D:4-7

Altars:
Gozag
Makhleb
Ru
Yredelemnul
The Shining One

Annotations:
D:4 Grinder


Innate Abilities, Weirdness & Mutations

You have extremely sharp teeth.
Your uncanny sense of smell can sniff out nearby items.
Your experience applies equally to all skills.
You have a pair of small antennae on your head.
You are agile. (Dex +4, Str/Int -1)


Message History

You slash the jackal!
You kill the jackal!
You slash the jackal!
You kill the jackal!
No target in view!
No target in view!
No target in view!
No target in view!
No target in view!
No target in view!
No target in view!
No target in view!
No target in view!
No target in view!
No target in view!
As you read the scroll labelled MOKEGI RIOMPUO, it crumbles to dust.
It is a scroll of enchant weapon.
Your +0 war axe of venom glows red for a moment.
An ogre comes into view. It is wielding a +0 giant spiked club.
Found a stone staircase leading down.
The ogre hits you with a +0 giant spiked club!!
You barely miss the ogre.
The ogre hits you with a +0 giant spiked club!
* * * LOW HITPOINT WARNING * * *
You are too injured to fight recklessly!
You are too injured to fight recklessly!
You are too injured to fight recklessly!
You are too injured to fight recklessly!
You are too injured to fight recklessly!
You are too injured to fight recklessly!
You are too injured to fight recklessly!
You are too injured to fight recklessly!
You are too injured to fight recklessly!
You are too injured to fight recklessly!
It was a potion of mutation.
You feel extremely strange.
Your teeth lengthen and sharpen some more.
You feel agile. A pair of antennae grows on your head!
Your +0 helmet falls away!
The ogre hits you with a +0 giant spiked club!
You die...

#.....††....##
##...#.........
#...###....##..
##..## #..### #..$#
##..## ##..## ...#
#..†# #....
...###..## #..##..
.......@# ##...#
#.. .......O#
##...# .......##
#.<..# .......
#....## .......
#g......
#...>.............
###............##.#
##........5... #
.....#...#.#


You could see an ogre.

Vanquished Creatures
  Jessica (D:3)
  Ijyb (D:3)
  Robin (D:2)
  3 gnolls (D:3)
  5 adders
  3 worms
  3 dart slugs
  7 endoplasms
  3 giant cockroaches
  15 goblins
  16 hobgoblins
  5 jackals
  A quokka (D:3)
  4 ball pythons
  5 bats
  5 frilled lizards
  9 kobolds
  6 rats
93 creatures vanquished.

Notes
Turn   | Place    | Note
-------+----------+-------------------------------------------
     0 | D:1      | arthad the Gnoll Fighter began the quest for the Orb.
     0 | D:1      | Reached XP level 1. HP: 23/23 MP: 1/1
    70 | D:1      | Reached XP level 2. HP: 29/29 MP: 2/2
   143 | D:1      | Reached XP level 3. HP: 35/35 MP: 3/3
   459 | D:2      | Reached skill level 1 in Invocations
   575 | D:2      | Reached skill level 1 in Short Blades
   575 | D:2      | Reached skill level 1 in Long Blades
   575 | D:2      | Reached skill level 1 in Maces & Flails
   575 | D:2      | Reached skill level 1 in Polearms
   575 | D:2      | Reached skill level 1 in Staves
   575 | D:2      | Reached skill level 1 in Ranged Weapons
   575 | D:2      | Reached skill level 1 in Throwing
   575 | D:2      | Reached skill level 1 in Dodging
   575 | D:2      | Reached skill level 1 in Stealth
   575 | D:2      | Reached skill level 1 in Unarmed Combat
   575 | D:2      | Reached skill level 1 in Spellcasting
   575 | D:2      | Reached skill level 1 in Evocations
   580 | D:2      | Noticed Robin
   591 | D:2      | Killed Robin
   592 | D:2      | Reached XP level 4. HP: 13/41 MP: 5/5
   793 | D:2      | Reached skill level 1 in Conjurations
   793 | D:2      | Reached skill level 1 in Hexes
   793 | D:2      | Reached skill level 1 in Summonings
   793 | D:2      | Reached skill level 1 in Necromancy
   793 | D:2      | Reached skill level 1 in Translocations
   793 | D:2      | Reached skill level 1 in Transmutations
   793 | D:2      | Reached skill level 1 in Fire Magic
   793 | D:2      | Reached skill level 1 in Ice Magic
   793 | D:2      | Reached skill level 1 in Air Magic
   793 | D:2      | Reached skill level 1 in Earth Magic
   793 | D:2      | Reached skill level 1 in Poison Magic
  1337 | D:3      | Reached XP level 5. HP: 47/47 MP: 5/7
  1637 | D:3      | Noticed Jessica
  1641 | D:3      | Killed Jessica
  1916 | D:3      | Noticed Ijyb
  1924 | D:3      | Killed Ijyb
  1961 | D:3      | Found a basalt altar of Yredelemnul.
  1962 | D:3      | Found a sacrificial altar of Ru.
  1964 | D:3      | Found a burning altar of Makhleb.
  1964 | D:3      | Found a glowing golden altar of the Shining One.
  1993 | D:4      | Noticed Grinder
  1999 | D:4      | Reached XP level 6. HP: 53/53 MP: 8/8
  2006 | D:4      | Found an opulent altar of Gozag.
  2033 | D:4      | Gained mutation: You have extremely sharp teeth. [potion of
                  | mutation]
  2033 | D:4      | Gained mutation: You are agile. (Dex +4, Str/Int -1)
                  | [potion of mutation]
  2033 | D:4      | Gained mutation: You have a pair of small antennae on your
                  | head. [potion of mutation]
  2033 | D:4      | Slain by an ogre

Illustrated notes

Levels and vault maps discovered:
D:1:      ncdulo_wetmaze, layout_rooms
D:2:      layout_rooms, chequers_serial_rivers_room_b, uniq_robin
D:3:      layout_loops_ring, chequers_temple_overflow_statue_of_worship,
          st_stairs_4, kennysheep_jessica_study, uniq_ijyb, uniq_jessica
D:4:      layout_layer_cave, mainiacjoe_overflow_catwalk,
          nicolae_ossuary_entry_giza, nicolae_stop_n_shop_2, st_stairs_12,
          uniq_grinder, uniq_sigmund

Skill      XL: |  1  2  3  4  5 |
---------------+----------------+-----
Invocations    | 1 2 |  2.1
Short Blades   | 1 |  1.9
Long Blades    | 1 |  1.9
Maces & Flails | 1 |  1.9
Polearms       | 1 |  1.9
Staves         | 1 |  1.9
Ranged Weapons | 1 |  1.9
Throwing       | 1 |  1.9
Dodging        | 1 |  1.9
Stealth        | 1 |  1.9
Unarmed Combat | 1 |  1.9
Spellcasting   | 1 |  1.9
Evocations     | 1 |  1.9
Conjurations   | 1 |  1.5
Hexes          | 1 |  1.5
Summonings     | 1 |  1.5
Necromancy     | 1 |  1.5
Translocations | 1 |  1.5
Transmutations | 1 |  1.5
Fire Magic     | 1 |  1.5
Ice Magic      | 1 |  1.5
Air Magic      | 1 |  1.5
Earth Magic    | 1 |  1.5
Poison Magic   | 1 |  1.5
Fighting       | |  6.8
Axes           | |  4.9
Armour         | |  6.8
Shields        | |  6.8

Action                   |  1- 3 |  4- 6 || total
-------------------------+-------+-------++-------
Melee: War axe           |    89 |   118 ||   207
       Bite              |     7 |    10 ||    17
  Use: Potion            |     1 |     1 ||     2
       Scroll            |       |     5 ||     5
Armor: Scale mail        |    41 |    61 ||   102
Dodge: Dodged            |    37 |    55 ||    92
Block: Buckler           |    26 |    32 ||    58

Table legend: (Time is in decaauts)
 A = Elapsed time spent in this place.
 B = Non-inter-level travel time spent in this place.
 C = Inter-level travel time spent in this place.
 D = Time resting spent in this place.
 E = Time spent auto-exploring this place.
 F = Levels seen in this place.
 G = Mean time per level.
                   A        B        C        D        E       F      G
               +--------+--------+--------+--------+--------+-----+--------+
         Total |   2105 |   2030 |     75 |    315 |   1140 |   4 |  526.2 |
       Dungeon |   2105 |   2030 |     75 |    315 |   1140 |   4 |  526.2 |
               +--------+--------+--------+--------+--------+-----+--------+

Top non-repeatable levels by time:
     D:3: 834 daAuts
     D:2: 745 daAuts
     D:1: 479 daAuts
     D:4: 46 daAuts
